Map: Newkirk Precinct TE (Void)

Players

PREDATOR - Winner!

  • Race: Terran Terran
  • League: Silver
  • Spawn Location: 7:00

sctwo

  • Race: Zerg Zerg
  • League: Gold
  • Spawn Location: 5:00

VOD

Have the link to the VOD?

Description

Time

  • Played on: Nov. 23, 2016, 7:56 a.m.
  • Length: 47:42
Show
View Real Time Build Order
Export as new Build Order

PREDATOR Terran - Winner!

Build Orders: MMM Bio 

Get SALT Encoding   

  12  0:01  SCV  
  13  0:13  SCV  
  14  0:19  Supply Depot  
  14  0:25  SCV  
  15  0:36  Refinery  
  15  0:45  Barracks  
  15  0:49  SCV  
  16  1:01  SCV  
  17  1:07  Supply Depot  
  16  1:33  Orbital Command  
  16  1:34  Barracks  
  16  1:37  Barracks Reactor  
  16  1:53  Refinery  
  16  2:01  SCV  
  17  2:13  SCV, Marine x2  
  20  2:18  Factory  
  20  2:22  Barracks Tech Lab  
  20  2:31  SCV  
  20  2:36  Marine  
  20  2:37  Marine  
  23  2:48  Stimpack  
  23  2:49  Marauder  
  23  2:50  SCV  
  26  2:56  Supply Depot  
  26  3:02  SCV  
  27  3:10  Factory Reactor  
  27  3:14  Factory Tech Lab  
  27  3:16  Starport  
  27  3:22  Marine  
  28  3:39  Marauder  
  28  3:40  Siege Tank  
  33  3:42  SCV  
  34  3:49  Supply Depot  
  34  3:54  Starport Reactor  
  34  4:02  SCV  
  31  4:42  Marauder  
  31  4:44  Medivac x2  
  36  4:53  Barracks  
  36  4:54  SCV  
  36  4:55  Engineering Bay, Barracks  
  37  5:06  SCV  
  38  5:25  Command Center  
  38  5:29  Siege Tank  
  41  5:36  Marine x2  
  41  5:38  Liberator  
  43  5:52  Barracks Reactor  
  43  5:53  Barracks Reactor  
  46  5:57  SCV  
  46  6:02  Supply Depot  
  47  6:12  Supply Depot  
  47  6:33  Marine  
  47  6:34  Marine x4  
  52  6:45  Liberator x2  
  52  6:54  Marine x2  
  46  7:05  SCV x2  
  54  7:10  Factory  
  54  7:18  Orbital Command  
  54  7:28  Terran Infantry Weapons Level 1  
  54  7:30  Combat Shields  
  54  7:33  Liberator  
  54  7:40  SCV  
  58  7:56  Factory Reactor  
  58  8:00  Refinery  
  58  8:01  Refinery  
  58  8:13  Marine x4  
  58  8:14  Marine  
  58  8:15  Marine  
  58  8:18  Supply Depot  
  64  8:27  SCV x2  
  64  8:28  Liberator  
  64  8:32  Siege Tank  
  64  8:34  Widow Mine x2  
  69  8:39  SCV  
  69  8:40  Supply Depot  
  74  8:43  Marine x2  
  74  8:47  Marine x4  
  83  9:06  Marine  
  83  9:07  Marine x4  
  83  9:09  Marine x2  
  90  9:12  Widow Mine x2  
  88  9:27  Marine x3  
  88  9:28  Marine x2  
  93  9:34  Supply Depot  
  93  9:36  Terran Infantry Armor Level 1  
  93  9:37  Supply Depot  
  93  9:39  Liberator  
  93  9:40  Missile Turret  
  93  9:43  Missile Turret  
  93  9:56  SCV x2  
  92  10:19  Marine x3, Liberator  
  95  10:24  Liberator  
  95  10:33  Marine x4  
  91  10:39  Widow Mine x2, Marine x2  
  103  10:55  Siege Tank  
  95  11:20  Marine x3  
  95  11:22  Marine x2  
  95  11:23  Medivac  
  95  11:24  Medivac  
  104  11:32  Marine  
  102  11:45  Marine x2  
  102  11:46  Marine x4  
  101  11:53  Medivac  
  102  12:05  Marine x3  
  102  12:06  Marine x4  
  109  12:10  Supply Depot  
  109  12:14  Supply Depot, Armory  
  101  12:23  Marine x2  
  101  12:26  Marine x3  
  79  12:30  Widow Mine  
  79  12:36  Marine x2  
  83  13:05  Marine x5  
  86  13:10  Widow Mine x2  
  92  13:14  Command Center  
  92  13:18  Marine x2  
  94  13:22  Marine  
  95  13:31  Liberator x2  
  95  13:44  Marine  
  95  13:45  Marine x6  
  95  13:46  Widow Mine x2  
  95  13:47  Siege Tank  
  109  13:54  Supply Depot  
  115  14:02  Marine x2  
  115  14:03  Marine  
  115  14:04  Marine x2  
  120  14:22  Marine x3  
  121  14:29  Marine x3  
  121  14:30  Siege Tank  
  125  14:36  Marine  
  126  14:40  Marine  
  124  14:48  Marine x4  
  128  14:58  Orbital Command  
  128  15:00  SCV x2  
  130  15:11  Marine x2  
  123  15:24  Marine x4  
  123  15:25  Marine  
  105  15:34  Widow Mine x3  
  111  15:39  Viking  
  113  15:56  SCV  
  115  15:57  SCV x2  
  115  16:02  Widow Mine  
  115  16:03  Viking  
  120  16:09  SCV x2  
  122  16:13  Viking  
  124  16:30  Missile Turret  
  124  16:42  Marine x3  
  121  16:48  Marine x3  
  121  16:53  Medivac x2  
  128  16:55  Widow Mine x2  
  128  16:56  Widow Mine  
  134  17:06  Starport  
  134  17:07  Starport  
  134  17:23  Command Center, Medivac x2  
  126  17:32  Marine x2  
  126  17:34  Widow Mine x2  
  126  17:36  SCV x3, Marine  
  126  17:37  Marine x3  
  111  17:46  Marine  
  111  17:50  Marine x2  
  103  17:54  Marine x3  
  103  17:55  Marine  
  103  17:56  Starport Reactor  
  103  17:57  Starport Reactor  
  107  18:04  Marine  
  108  18:08  Marine x2  
  108  18:09  Barracks x2  
  108  18:10  Starport Tech Lab  
  108  18:12  Marine  
  111  18:13  Terran Infantry Weapons Level 2  
  111  18:16  Medivac x2  
  111  18:19  Widow Mine x2  
  119  18:29  Siege Tank  
  122  18:37  Marine x2  
  122  18:41  Missile Turret  
  124  18:45  Marine x4  
  128  18:50  Widow Mine x2  
  128  18:53  Missile Turret  
  132  19:00  Missile Turret  
  132  19:06  Siege Tank  
  135  19:13  Planetary Fortress  
  135  19:20  Refinery, Barracks Reactor  
  135  19:21  Refinery, Barracks Reactor  
  135  19:22  Marine x3  
  138  19:39  Marine  
  138  19:40  Marine x2  
  138  19:42  SCV x2  
  138  19:43  Refinery  
  143  19:46  Refinery  
  143  19:59  Marine x2  
  141  20:01  Marine  
  141  20:02  Marine x2  
  141  20:03  Marine x3  
  146  20:10  Siege Tank  
  146  20:12  Marine x3  
  152  20:17  Marine  
  151  20:32  Widow Mine  
  151  20:33  Widow Mine  
  153  20:38  SCV  
  153  20:39  SCV  
  153  20:41  Widow Mine  
  157  20:48  Marine x2  
  155  20:58  Marine x2  
  155  21:02  Marine x5  
  155  21:03  Marine x2  
  164  21:08  Command Center  
  164  21:13  Supply Depot  
  164  21:14  Supply Depot  
  164  21:15  Engineering Bay  
  164  21:16  Armory  
  164  21:34  Widow Mine x2  
  164  21:35  Siege Tank, Marine x7  
  164  21:39  Marine x2  
  180  21:46  Terran Infantry Armor Level 2  
  180  21:53  Supply Depot  
  180  22:14  Marine x5  
  180  22:15  Siege Tank  
  188  22:19  Widow Mine x2, Marine x4  
  192  22:43  Planetary Fortress  
  192  22:47  Siege Tank  
  192  22:48  Widow Mine x2  
  192  22:50  SCV x2  
  199  22:53  Marine  
  178  23:19  Marine x2  
  171  23:22  Medivac x4  
  171  23:23  Medivac  
  171  23:26  Marine x3  
  184  23:35  Marine  
  184  23:36  Marine  
  186  23:46  Widow Mine x2  
  186  23:47  Siege Tank  
  193  23:52  Medivac  
  195  24:03  Marine  
  195  24:04  Medivac x2  
  145  24:38  Marine  
  145  24:39  Marine x4  
  145  24:43  Marine x2  
  145  24:44  Marine x3  
  125  24:45  Marine  
  108  24:56  Marine x2  
  108  24:57  Marine x3  
  99  25:00  Marine  
  99  25:01  Marine  
  99  25:02  Marine x3  
  99  25:03  Marine  
  91  25:14  SCV x2, Marine x4  
  91  25:15  Marine  
  91  25:18  Marine x2  
  91  25:19  Marine  
  91  25:20  Marine x2  
  91  25:21  Marine  
  102  25:32  SCV x4, Marine x5  
  111  25:36  Marine x2  
  111  25:37  Refinery, Marine x2  
  111  25:38  Refinery, Marine  
  111  25:39  Marine  
  111  25:40  Command Center  
  117  25:44  SCV  
  118  25:50  Command Center, Marine x4  
  118  25:52  Marine  
  118  25:54  Widow Mine, Marine x2  
  118  25:55  Widow Mine x2, Marine x3  
  118  25:57  Marine  
  134  25:59  SCV  
  134  26:00  SCV  
  137  26:12  Marine x2  
  139  26:20  Marine x3  
  139  26:24  Siege Tank  
  145  26:30  Marine x2  
  147  26:41  Widow Mine x2  
  147  26:45  Marine  
  146  26:55  Widow Mine  
  143  27:09  Medivac x2  
  129  27:31  Marine x5  
  134  27:43  Medivac  
  136  27:49  Liberator  
  134  27:51  Liberator  
  130  28:09  Marine  
  137  28:13  Marauder  
  139  28:25  Planetary Fortress  
  140  28:27  SCV  
  140  28:32  Liberator  
  140  28:33  SCV  
  140  28:34  SCV x3  
  143  28:36  Liberator  
  143  28:37  Liberator  
  143  28:39  Marine x2  
  143  28:40  Marine  
  143  28:43  Siege Tank  
  143  28:44  Widow Mine x2  
  159  29:10  Marine x2  
  159  29:15  Siege Tank  
  159  29:16  Marine  
  159  29:17  Marine x6  
  165  29:18  Widow Mine x2  
  175  29:29  Marine  
  175  29:30  Marine x2  
  178  29:32  Marine  
  178  29:34  Marine  
  180  29:40  Medivac x2  
  184  29:47  Widow Mine x2  
  184  29:48  Siege Tank  
  191  29:57  Terran Infantry Weapons Level 3  
  191  30:00  Terran Infantry Armor Level 3  
  191  30:05  Terran Vehicle And Ship Armor Level 1  
  191  30:06  Planetary Fortress  
  191  30:07  Marine x3  
  191  30:09  Marine  
  191  30:10  Marine x3  
  198  30:15  Widow Mine  
  200  30:47  Missile Turret  
  200  30:52  Missile Turret x2  
  170  31:26  Marine x3  
  170  31:28  Marine x5  
  155  31:36  Marine x3  
  154  31:44  Marine x3  
  154  31:53  Marine x2  
  147  31:56  Marine  
  147  31:57  Marine x5  
  135  32:02  Marine x3  
  111  32:10  Siege Tank  
  111  32:11  Marine x2  
  111  32:14  Marine x2  
  111  32:15  Marine x4  
  122  32:19  Marine x2  
  122  32:20  Marine  
  118  32:26  Widow Mine x2  
  118  32:29  Marine x2, Medivac x3  
  130  32:32  Marine x4  
  130  32:33  Marine  
  135  32:42  Siege Tank  
  127  32:55  Widow Mine x2  
  131  32:58  Orbital Command  
  131  33:05  Missile Turret x2  
  134  33:15  Siege Tank  
  134  33:23  Widow Mine  
  134  33:24  Widow Mine  
  138  33:47  Siege Tank  
  141  33:52  Widow Mine  
  143  34:05  Marine x2  
  143  34:06  Marine x3  
  143  34:07  Missile Turret, Widow Mine  
  150  34:18  Refinery  
  150  34:19  Siege Tank  
  150  34:20  Widow Mine  
  150  34:21  Refinery  
  155  34:24  Marine x2  
  157  34:35  Widow Mine  
  159  34:49  Marine x2  
  159  34:51  Siege Tank  
  162  34:54  Marine x2  
  162  34:55  Marine x4  
  162  34:56  Widow Mine  
  170  35:02  Marine  
  170  35:03  Marine x2  
  170  35:04  Widow Mine  
  175  35:07  SCV  
  168  35:23  Siege Tank  
  168  35:25  Widow Mine  
  153  35:32  Widow Mine  
  145  35:49  Marine  
  137  35:50  Marine x9  
  137  35:55  Siege Tank  
  149  36:09  Marine x3  
  152  36:24  Marine x2  
  154  36:27  Siege Tank  
  157  36:34  SCV x3  
  160  36:59  Siege Tank  
  163  37:06  Marine  
  163  37:07  Marine x4  
  168  37:12  SCV x4  
  168  37:13  Marine x2  
  174  37:24  Marine  
  174  37:27  Widow Mine x2  
  177  37:53  Orbital Command  
  177  37:54  Siege Tank  
  177  37:55  Widow Mine x2, Marine x2  
  186  38:04  SCV  
  186  38:05  SCV x2  
  189  38:26  Siege Tank  
  192  38:42  Marine x2  
  192  38:43  SCV x2  
  192  38:44  SCV  
  197  39:00  Marine x2  
  199  39:09  Marine  
  198  39:33  Marine x2  
  196  39:47  Widow Mine  
  196  39:48  Widow Mine  
  200  39:58  Unknown x2  
  199  40:09  SCV  
  198  41:30  Widow Mine x2  
  196  42:23  Marine  
  196  42:24  Marine x2  
  197  42:32  Widow Mine  
  199  42:41  SCV  
  200  43:04  Unknown  
  200  43:28  Unknown  
  194  43:43  Widow Mine x2  
  198  44:00  Widow Mine, Marine  
  197  44:12  Widow Mine  
  199  44:29  Missile Turret  
  199  44:33  Missile Turret  
  199  44:37  Missile Turret  
  199  44:39  Missile Turret x3  
  199  44:40  Missile Turret  
  199  44:42  Missile Turret  
  152  45:02  Marine x3  
  139  45:18  Marine  
  139  45:19  Marine x4  
  139  45:20  Marine x2  
  139  45:21  Widow Mine x2, Medivac x4  
  146  45:36  Marine x4  
  146  45:37  Marine x2  
  146  45:38  Marine  
  153  45:51  Medivac x3  
  153  45:54  Marine x4  
  153  45:55  Marine x3  
  166  46:07  Widow Mine x2, Medivac  
  166  46:08  Siege Tank  
  175  46:11  Marine  
  175  46:12  Marine x3  
  175  46:13  Marine x3  
  182  46:20  Medivac  
  184  46:29  Marine  
  184  46:30  Marine x3  
  188  46:34  Marine  
  164  46:40  Siege Tank, Marine x2  
  165  46:47  Marine  
  165  46:48  Marine  
  167  47:05  Marine x2  
Show
View Real Time Build Order
Export as new Build Order

sctwo Zerg 

Build Orders: Pool First, Muta Ling Bane 

Get SALT Encoding   

  12  0:01  Drone  
  13  0:08  Drone  
  14  0:30  Spawning Pool  
  14  0:35  Overlord  
  13  0:40  Drone  
  14  0:48  Overlord  
  14  0:53  Drone  
  15  0:59  Drone  
  16  1:10  Drone  
  17  1:24  Drone  
  18  1:36  Hatchery, Drone  
  18  1:41  Queen  
  18  1:46  Extractor  
  19  1:49  Drone  
  20  2:00  Drone  
  21  2:09  Drone  
  22  2:16  Queen  
  22  2:19  Drone  
  25  2:44  Overlord  
  25  2:45  Drone  
  25  2:48  Extractor  
  25  2:53  Drone x2  
  25  2:54  Drone  
  25  2:57  Overlord  
  28  3:13  Lair  
  28  3:18  Baneling Nest  
  27  3:20  Drone x6  
  27  3:26  Drone x3  
  36  3:32  Drone  
  37  3:39  Drone  
  38  3:43  Drone x2  
  38  3:44  Drone  
  38  3:48  Overlord  
  41  3:49  Overlord  
  41  4:01  Zergling x2  
  41  4:02  Zergling x4  
  44  4:03  Overlord  
  44  4:13  Zergling x2  
  44  4:14  Zergling x8  
  49  4:21  Baneling x4  
  49  4:22  Baneling x2  
  46  4:40  Drone x6  
  46  4:44  Drone  
  53  4:48  Drone, Extractor  
  53  4:49  Drone x3  
  56  4:55  Spire  
  56  4:59  Drone x2  
  57  5:02  Extractor  
  56  5:13  Hatchery  
  55  5:27  Drone x4  
  60  5:28  Zergling x2  
  60  5:29  Zergling x8  
  64  5:37  Overlord  
  64  5:38  Overlord  
  64  5:40  Queen  
  66  5:50  Metabolic Boost  
  66  5:53  Centrifical Hooks  
  66  6:06  Mutalisk  
  66  6:07  Mutalisk x4  
  66  6:08  Mutalisk  
  66  6:10  Zergling x4  
  75  6:29  Mutalisk x2  
  77  6:44  Drone x5  
  77  6:45  Drone x3  
  82  7:02  Zergling x10  
  87  7:10  Drone x2  
  89  7:22  Zergling x2  
  90  7:23  Overlord  
  90  7:34  Overlord x2  
  90  7:35  Overlord  
  90  7:41  Overlord  
  90  7:45  Baneling x6  
  90  7:46  Baneling x6  
  90  7:47  Baneling x5  
  90  7:51  Drone x5  
  95  8:01  Drone x4  
  99  8:06  Drone x6  
  99  8:12  Baneling x5  
  105  8:13  Baneling x12  
  105  8:14  Zergling x4  
  105  8:19  Overseer  
  107  8:22  Overseer  
  107  8:29  Pneumatized Carapace  
  107  8:34  Extractor  
  106  8:35  Extractor  
  105  8:54  Mutalisk  
  105  8:55  Mutalisk x2  
  111  8:56  Overlord  
  111  8:57  Overlord x7  
  111  8:58  Overlord x2  
  108  9:23  Corruptor x3  
  98  9:36  Corruptor  
  100  9:39  Corruptor  
  102  9:47  Drone x6  
  102  9:48  Drone x2  
  110  9:53  Corruptor  
  110  9:54  Corruptor  
  112  10:14  Corruptor x3  
  112  10:17  Zergling x16  
  112  10:18  Zergling x4  
  123  10:34  Mutalisk x3  
  123  10:35  Mutalisk  
  125  10:36  Zergling x2  
  128  10:47  Zergling x2  
  128  10:48  Zergling x4  
  110  11:21  Zergling x14  
  110  11:22  Zergling x16  
  110  11:23  Zergling x2  
  120  11:31  Zergling x4  
  118  11:48  Baneling x15  
  118  11:49  Baneling x16  
  118  11:51  Zergling x2  
  118  11:52  Zergling x10  
  109  12:26  Corruptor x3  
  109  12:27  Corruptor x6  
  109  12:28  Corruptor  
  109  12:29  Zergling x10  
  131  12:41  Zergling x4  
  131  12:42  Zergling x8  
  131  12:58  Mutalisk x3  
  131  12:59  Mutalisk  
  139  13:30  Spore Crawler  
  139  13:31  Spore Crawler x5  
  139  13:32  Spore Crawler  
  132  13:35  Spore Crawler x2  
  132  13:36  Spore Crawler  
  132  13:38  Spine Crawler  
  132  13:39  Spine Crawler  
  132  13:40  Spine Crawler  
  126  13:42  Spine Crawler  
  126  13:43  Spine Crawler x3  
  126  13:44  Hatchery  
  126  13:45  Spine Crawler  
  126  13:46  Spore Crawler x2  
  126  13:48  Spore Crawler x2  
  116  14:03  Infestation Pit, Spore Crawler  
  116  14:09  Baneling  
  114  14:10  Baneling x17  
  114  14:11  Baneling x2, Zergling x8  
  114  14:12  Zergling x6, Mutalisk x6  
  114  14:14  Hatchery, Overlord x2  
  114  14:16  Overseer  
  127  14:50  Mutalisk x4  
  127  14:52  Zergling x10  
  140  14:57  Hive  
  140  15:02  Drone x2  
  140  15:04  Drone  
  143  15:11  Drone  
  137  15:27  Extractor  
  135  15:28  Mutalisk x2  
  135  15:29  Mutalisk  
  135  15:30  Extractor, Zergling x2  
  141  15:47  Drone  
  141  15:48  Drone x5  
  141  15:49  Drone  
  148  15:51  Drone  
  149  15:57  Drone  
  149  15:58  Drone  
  151  16:16  Drone  
  151  16:17  Spine Crawler  
  151  16:19  Ultralisk Cavern  
  150  16:26  Viper  
  150  16:27  Viper  
  150  16:31  Drone x2  
  141  16:48  Drone x3  
  141  16:49  Drone x6  
  150  17:05  Chitinous Plating  
  150  17:13  Ultralisk  
  156  17:19  Evolution Chamber  
  150  17:32  Zergling x4  
  150  17:33  Zergling x16  
  150  17:34  Zergling x2  
  148  17:48  Ultralisk  
  153  17:54  Extractor, Queen  
  153  17:55  Extractor  
  153  17:58  Zerg Ground Armor Level 1  
  153  18:10  Ultralisk  
  159  18:14  Viper  
  159  18:15  Viper  
  165  18:21  Drone x3  
  165  18:23  Drone x2  
  170  18:35  Queen  
  170  18:38  Ultralisk  
  178  18:42  Corruptor  
  180  18:50  Ultralisk  
  186  19:22  Ultralisk x2  
  198  19:24  Zergling x2  
  198  19:27  Baneling  
  198  19:28  Baneling x12  
  198  19:29  Baneling x10  
  195  20:22  Overseer x2  
  195  20:25  Overseer x3  
  193  20:34  Corruptor x2  
  193  20:35  Corruptor  
  189  21:03  Corruptor  
  189  21:04  Corruptor x4  
  189  21:08  Zergling x2  
  200  22:05  Hatchery  
  199  22:12  Hatchery  
  198  22:19  Extractor  
  197  22:27  Extractor x2  
  195  22:33  Hatchery  
  192  22:57  Corruptor, Ultralisk  
  140  23:19  Zergling x4  
  118  23:20  Zergling x18  
  118  23:21  Zergling x16  
  118  23:22  Zergling x16  
  139  23:42  Baneling  
  139  23:43  Baneling x11  
  139  23:44  Baneling x7  
  139  23:45  Baneling x5  
  139  23:46  Ultralisk  
  139  23:47  Ultralisk x7  
  187  23:49  Overlord x2  
  187  23:51  Zerg Ground Armor Level 2  
  187  23:55  Overseer  
  187  24:06  Overlord x2  
  187  24:07  Overlord  
  146  24:58  Ultralisk x2  
  146  24:59  Ultralisk x2  
  156  25:07  Zergling x22  
  145  25:08  Zergling x12  
  143  25:28  Drone x5  
  146  25:35  Baneling x2  
  142  25:36  Baneling x10  
  142  25:43  Overseer  
  142  25:54  Drone x7  
  142  25:55  Drone  
  150  26:07  Zerg Melee Weapons Level 1  
  150  26:23  Hatchery  
  118  27:02  Ultralisk  
  118  27:03  Ultralisk x3  
  118  27:06  Zergling x6  
  118  27:07  Zergling x8  
  118  27:08  Zergling x2  
  140  27:41  Ultralisk x2  
  149  27:55  Ultralisk  
  155  28:18  Zerg Ground Armor Level 3  
  155  28:19  Hatchery  
  154  28:50  Ultralisk  
  160  28:56  Drone x4  
  162  29:21  Ultralisk  
  168  29:30  Extractor  
  167  29:33  Drone x5  
  167  29:34  Drone  
  173  30:01  Corruptor x4  
  173  30:06  Zergling x10  
  186  30:09  Zergling x4  
  186  30:11  Zergling x2  
  186  30:13  Zergling x2  
  190  30:15  Zergling x2  
  190  30:17  Zergling x2  
  192  30:25  Queen  
  194  30:31  Extractor  
  194  30:34  Zergling x12  
  199  30:36  Baneling x4  
  199  30:37  Baneling  
  199  31:03  Overseer x5  
  199  31:04  Overseer x5  
  199  31:05  Overseer x2  
  192  31:25  Ultralisk x3  
  189  31:26  Corruptor  
  173  31:45  Ultralisk x2  
  107  32:09  Ultralisk  
  107  32:10  Ultralisk  
  107  32:13  Zergling x6  
  120  32:20  Extractor  
  119  32:25  Overlord x2  
  119  32:26  Overlord x6  
  119  32:27  Overlord x2  
  115  33:01  Zergling x2  
  115  33:02  Zergling x28  
  130  33:32  Ultralisk x3  
  147  33:44  Overseer  
  147  33:45  Overseer x2  
  147  33:57  Hatchery  
  146  34:11  Corruptor x2  
  146  34:34  Corruptor x2  
  146  34:36  Zergling x2  
  146  34:37  Zergling x22  
  146  34:38  Zergling x2  
  106  35:37  Corruptor x4  
  108  35:57  Zergling x4  
  108  35:58  Zergling x18  
  108  35:59  Zergling x16  
  108  36:00  Zergling x14  
  134  36:11  Corruptor x3  
  140  36:24  Corruptor  
  134  36:37  Drone x6  
  134  36:38  Drone x5  
  145  36:44  Overseer  
  141  37:07  Corruptor x3  
  147  37:10  Zergling x8  
  147  37:11  Zergling x16  
  157  37:20  Baneling  
  157  37:21  Baneling x7  
  157  37:22  Baneling  
  157  37:24  Baneling  
  157  37:25  Overlord x2  
  157  37:26  Overlord x8  
  149  37:38  Corruptor  
  151  38:11  Corruptor x4  
  159  38:24  Baneling  
  159  38:25  Baneling x9  
  159  38:26  Baneling  
  159  38:27  Baneling  
  159  38:29  Baneling  
  159  38:31  Baneling  
  159  38:33  Baneling  
  159  38:34  Baneling  
  159  38:36  Baneling  
  159  38:37  Baneling  
  159  38:39  Baneling  
  159  38:40  Baneling  
  159  38:43  Baneling  
  159  38:44  Baneling  
  159  38:46  Baneling  
  159  38:47  Baneling  
  159  39:02  Queen  
  161  39:04  Queen  
  163  39:14  Corruptor x2  
  163  39:15  Corruptor x2  
  170  39:27  Viper  
  173  39:38  Queen  
  175  39:40  Queen  
  167  40:04  Ultralisk x2  
  177  40:10  Viper  
  177  40:13  Queen  
  182  40:16  Queen  
  184  40:25  Queen  
  184  40:27  Viper  
  189  40:49  Queen  
  181  40:51  Queen  
  179  41:03  Zergling x8  
  179  41:04  Zergling x12  
  186  41:05  Ultralisk  
  186  41:07  Ultralisk  
  186  41:09  Zergling x4  
  196  42:30  Viper  
  199  43:21  Baneling  
  199  43:22  Baneling x12  
  199  43:23  Baneling x17  
  199  43:24  Baneling x4  
  189  43:43  Ultralisk  
  189  43:44  Zergling x4  
  189  43:45  Zergling x4  
  199  43:55  Overseer x6  
  197  44:10  Corruptor  
  199  44:33  Baneling  
  199  44:34  Baneling x13  
  156  44:55  Zergling x4  
  156  44:56  Zergling x14  
  156  44:57  Zergling x12  
  132  45:19  Ultralisk  
  67  45:50  Zergling x10  
  67  45:51  Zergling x16  
  67  45:52  Zergling x4  
  54  46:13  Ultralisk x2  
  54  46:14  Corruptor  
  53  46:48  Zergling x2  
  53  46:49  Zergling x14  
  57  47:17  Baneling  
Tags
 
Add a new tag
Caveats
  • Supply blocks, unpowered buildings, or Contaminate may cause inaccurate times.
  • Supply counts are checked every 10 seconds.